 Dungeon Crawl Stone Soup version 0.31-a0-1370-gf52a5a9ab3 (webtiles) character file.

Game seed: 9110383775731831502

214779 Pooter the Severer (level 18, -7/222 HPs)
             Began as a Minotaur Berserker on Dec 22, 2023.
             Was a High Priest of Trog.
             Killed by the raging water
             ... invoked by a water nymph
              (17 damage)
             ... on level 2 of the Swamp on Dec 23, 2023.
             The game lasted 03:14:06 (61469 turns).

Pooter the Severer (Minotaur Berserker)            Turns: 61469, Time: 03:14:06

Health: -7/222     AC: 39    Str: 26    XL:     18   Next: 31%
Magic:  17/17      EV: 17    Int: 12    God:    Trog [*****.]
Gold:   1504       SH:  5    Dex: 15    Spells: 17/17 levels left

rFire   . . .        a - +3 battleaxe (flame)
rCold   + . .        (shield currently unavailable)
rNeg    . . .        P - +10 plate armour of the Monk {rPois rF- Int+8 SInv}
rPois   +            Q - +2 hat
rElec   .            E - +1 cloak {rCorr}
rCorr   +            S - +0 pair of gloves "Hemp" {rF+ rC+ Str-5 Stlth+}
SInv    +            A - +2 pair of boots {Fly}
Will    +++..        O - amulet of reflection Stlth
                     B - +6 ring of strength
HPRegen 1.57/turn    H - +5 ring of evasion
MPRegen 0.15/turn

%: reflection
@: berserking, strong-willed, flying, regenerating, studying Shields, very quick
A: horns 2, retaliatory headbutt
}: 1/15 runes: serpentine
a: Renounce Religion, Berserk, Trog's Hand, Brothers in Arms


You were on level 2 of the Swamp.
You worshipped Trog.
Trog was extremely pleased with you.
You visited 6 branches of the dungeon, and saw 30 of its levels.
You also visited: Sewer, Bailey and Ice Cave.

You collected 3798 gold pieces.
You spent 2294 gold pieces at shops.

Inventory:

Hand Weapons
 a - a +3 battleaxe of flaming (weapon)
   (You took it off a vault guard on level 14 of the Dungeon)
 b - a +2 heavy arbalest
   (You found it in a bailey)
 J - a +4 war axe of freezing
   (You found it in an ice cave)
 R - a +6 war axe
   (You took it off a naga on level 3 of the Snake Pit)
Missiles
 i - 2 throwing nets {!f}
 p - 5 javelins
 u - 62 poisoned darts
 x - 42 boomerangs (quivered)
 G - 8 curare-tipped darts
 X - 10 atropa-tipped darts
Armour
 A - a +2 pair of boots of flying (worn)
   (You found it in a bailey)
 E - a +1 cloak of preservation (worn)
   (You took it off Nikola on level 3 of the Snake Pit)
 K - a +0 crystal plate armour of cold resistance
   (You found it in an ice cave)
 P - the +10 plate armour of the Monk (worn) {rPois rF- Int+8 SInv}
   (You found it on level 7 of the Dungeon)

   Int+8:     It affects your intelligence (+8).
   rF-:       It makes you vulnerable to fire.
   rPois:     It protects you from poison SInv: It lets you see invisible.
 Q - a +2 hat (worn)
   (You bought it in a shop on level 2 of the Orcish Mines)
 S - the +0 pair of gloves "Hemp" (worn) {rF+ rC+ Str-5 Stlth+}
   (You found it in an ice cave)

   Str-5:     It affects your strength (-5).
   rF+:       It protects you from fire.
   rC+:       It protects you from cold.
   Stlth+:    It makes you more stealthy.
 Z - +0 storm dragon scales
   (You found it on level 2 of the Lair of Beasts)
Jewellery
 B - a +6 ring of strength (left hand)
   (You found it on level 5 of the Dungeon)
 C - a ring of resist corrosion
   (You found it on level 1 of the Lair of Beasts)
 F - a ring of protection from fire
   (You found it on level 5 of the Dungeon)
 H - a +5 ring of evasion (right hand)
   (You took it off Erica on level 1 of the Orcish Mines)
 I - a ring of protection from cold
   (You bought it in a shop on level 2 of the Orcish Mines)
 N - a ring of positive energy
   (You found it on level 4 of the Dungeon)
 O - an amulet of reflection (around neck)
   (You bought it in a shop on level 2 of the Orcish Mines)
 Y - a ring of willpower
   (You found it on level 6 of the Dungeon)
Wands
 d - a wand of iceblast (35)
   (You took it off Ijyb on level 3 of the Dungeon)
 f - a wand of flame (48)
   (You found it on level 5 of the Dungeon)
 o - a wand of light (1)
   (You found it on level 3 of the Dungeon)
 r - a wand of charming (35)
   (You found it on level 6 of the Dungeon)
 D - a wand of digging (11)
   (You found it on level 6 of the Dungeon)
 U - a wand of mindburst (13)
   (You found it on level 2 of the Lair of Beasts)
 V - a wand of polymorph (8)
   (You found it on level 2 of the Lair of Beasts)
Scrolls
 j - a scroll of summoning
 n - 3 scrolls of enchant armour
 s - 4 scrolls of fear
 t - a scroll of teleportation {@r4}
 v - 4 scrolls of fog
 z - 4 scrolls of revelation
 L - a scroll of silence
 M - 5 scrolls of immolation {!r}
 W - 3 scrolls of poison {!r}
Potions
 e - 2 potions of heal wounds {@q2}
 g - 13 potions of curing {@q1}
 h - 7 potions of mutation {!q}
 k - 3 potions of haste {@q3}
 l - 3 potions of lignification {!q}
 m - 5 potions of resistance
 q - 5 potions of might
 w - 2 potions of cancellation
 y - 7 potions of enlightenment
 T - 5 potions of attraction {!q}
Miscellaneous
 c - a tin of tremorstones (2/2)
   (You found it on level 5 of the Lair of Beasts)


   Skills:
 - Level 10.2 Fighting
 + Level 19.7(19.8) Axes
 - Level 2.6(13.2) Polearms
 - Level 19.6 Ranged Weapons
 + Level 7.3 Throwing
 * Level 19.7 Armour
 + Level 8.2 Dodging
 - Level 4.1 Stealth
 + Level 9.4 Evocations


You had 17 spell levels left.
You didn't know any spells.
Your spell library was empty.

Dungeon Overview and Level Annotations

Branches:
Dungeon (15/15) Zot: 23727  Temple (0/1) D:6            Lair (5/5) D:8 Zot: 17497
  Swamp (3/4) Lair:3 Zot: 13406   Snake (4/4) Lair:2 Zot: 9492   Slime (0/5) Lair:4
    Orc (2/2) D:11 Zot: 5846     Elf (1/3) Orc:2 Zot: 5986  Vaults (0/5) D:14
 Depths (0/4) D:15          Sewer (visited)          Bailey (visited)
  IceCv (visited)

Altars:
Ashenzari
Cheibriados
Gozag
Kikubaaqudgha
Makhleb
Nemelex Xobeh
Qazlal
Sif Muna
Uskayaw
Vehumet
Xom
Lugonu

Shops:
D:6 ?   D:8 (   Orc:2 (=*[   Snake:2 *=(?

Portals:
Abyss: Lair:5


Innate Abilities, Weirdness & Mutations

You have a pair of horns on your head.
You reflexively headbutt those who attack you in melee.


Message History

The water rises up and strikes you!!
The water nymph points at you and mumbles some strange words.
The water rises up and strikes you.
The swamp worm fires a harpoon shot at you.
The harpoon shot hits you but does no damage.
You shoot a bolt. The bolt hits the water nymph!!
The eleionoma flows through the trees.
The water nymph casts a spell at you. The water rises up and strikes you.
The water nymph casts a spell at you. The water rises up and strikes you!!
Your +3 battleaxe of flaming bursts into flame!
a - a +3 battleaxe of flaming (weapon)
The eleionoma completely misses you.
Your skin crawls.
You feel strong-willed. The water nymph casts a spell at you.
The water rises up and strikes you!
The eleionoma hits you but does no damage.
You barely miss the eleionoma. You headbutt the eleionoma!
The water nymph casts a spell at you. The water rises up and strikes you.
You slice the eleionoma!! You burn the eleionoma.
The eleionoma hurls a spray of splinters at you.
The spray of wooden splinters hits you.
You slice the eleionoma!! You burn the eleionoma. You slash the water nymph!
You burn the water nymph.
The eleionoma touches a tree and draws upon its vitality.
The eleionoma is healed.
The water nymph casts a spell at you. The water rises up and strikes you!!
* * * LOW HITPOINT WARNING * * *
You barely miss the water nymph. Your headbutt misses the water nymph.
You barely miss the eleionoma.
The eleionoma splashes around in the water.
Unknown command.
You hit the water nymph but do no damage.
You headbutt the water nymph. You closely miss the eleionoma.
The water nymph points at you and mumbles some strange words.
The water rises up and strikes you!!!
* * * LOW HITPOINT WARNING * * *
A red film seems to cover your vision as you go berserk!
You feel yourself moving faster!
You feel mighty!
The eleionoma splashes around in the water.
The water nymph points at you and mumbles some strange words.
The water rises up and strikes you!!
* * * LOW HITPOINT WARNING * * *
The water nymph gestures at you while chanting.
The water rises up and strikes you!
You die...

♣♣~......~.♣ ..~.
♣♣♣...~~..§~~♣
....
♣♣♣§.~.~~~..~~.♣
....~
♣♣.~..~.~.~....~♣
≈~~.~
♣.~~.♣♣♣.♣♣♣♣♣♣♣♣
≈~~~~.♣♣~.~♣♣ ♣♣♣
≈~≈~~~♣~..~.♣
≈≈≈≈~mR~.♣.♣♣♣
♣♣♣wm@.~~.[♣♣
♣♣♣~.~~~~.♣
♣~~.~~.♣♣
♣~~§♣~♣♣♣ ♣♣§♣♣♣♣
♣♣♣


You could see an eleionoma, 2 water nymphs and a swamp worm.

Vanquished Creatures
  Nikola (Snake:3)
  4 nagarajas
  An azure jelly (Lair:5)
  The ghost of Haredoag the Severer, a journeyman MiFi of Gozag (Lair:5)
  A reaper (IceCv)
  2 eleionomae
  A bunyip (Swamp:1)
  Azrael (D:13)
  4 vault guards (D:14)
  10 hydras
  3 salamander tyrants (Snake:4)
  11 anacondas
  6 centaur warriors
  5 ogre magi
  7 alligators
  An alligator snapping turtle (Snake:1)
  2 boulder beetles
  2 death knights (D:15)
  Erica (Orc:1)
  The ghost of Hefiv the Carver, a novice GnCK of Xom (Lair:1)
  21 two-headed ogres
  21 naga warriors
  12 death yaks
  3 thrashing horrors (Lair:5)
  12 naga sharpshooters
  A deep elf knight (D:14)
  10 shock serpents
  A skyshark (Lair:4)
  Nergalle (D:11)
  8 salamander mystics
  A skeletal warrior (D:15)
  4 naga ritualists
  A sea snake (Snake:1)
  3 goliath frogs
  A spriggan druid (Swamp:3)
  4 bog bodies
  2 swamp dragons
  A phantasmal warrior (D:14)
  3 deep elf archers (D:14)
  2 arcanists
  5 deep elf pyromancers
  11 mana vipers
  4 lindwurms
  5 orc knights
  4 manticores
  18 ugly things
  2 oklob plants (Lair:4)
  A wolf spider (D:15)
  21 salamanders
  A will-o-the-wisp (Swamp:2)
  3 cyclopes
  2 large abominations (Lair:5)
  A faun (shapeshifter) (D:15)
  24 elephants
  Joseph (Lair:1)
  13 cane toads
  A kobold blastminer (Orc:2)
  12 guardian serpents
  36 black mambas
  2 ice statues (IceCv)
  4 gargoyles
  3 torpor snails
  A smoke demon (Lair:5)
  10 naga magi
  4 rime drakes
  A yaktaur (D:14)
  An efreet (D:13)
  12 komodo dragons
  3 unseen horrors
  A tengu conjurer (D:14)
  6 ice devils (IceCv)
  3 kobold demonologists
  2 anaconda simulacra (IceCv)
  3 freezing wraiths
  9 trolls
  4 hornets
  5 polar bears
  3 meliai (D:15)
  A hornet (shapeshifter) (Lair:5)
  A bloated husk (Swamp:2)
  3 tyrant leeches
  16 blink frogs
  Grinder (D:4)
  A raiju (Lair:5)
  4 snapping turtles (Snake:1)
  14 dream sheep
  3 slime creatures (Lair:5)
  10 spriggans
  4 shadows
  4 wyverns
  A ynoxinul (Lair:5)
  28 yaks
  A fire bat (D:14)
  A hog (shapeshifter) (D:15)
  A yak (shapeshifter) (Lair:5)
  5 wraiths
  7 basilisks
  3 fire elementals (D:13)
  8 wargs
  A dire elephant simulacrum (IceCv)
  11 vampire mosquitoes
  2 steam dragons
  3 chaos spawn (Lair:5)
  5 swamp worms
  3 harpy simulacra (IceCv)
  3 acid dragons
  37 nagas
  4 hydra simulacra (IceCv)
  19 water moccasins
  4 hell hounds
  3 swamp drakes
  19 orc warriors
  A sky beast (D:7)
  An ice beast (D:6)
  2 black bears (Lair:1)
  28 ogres
  4 boggarts
  7 centaurs
  15 wolves
  7 kobold brigands
  13 bullfrogs
  2 scorpions (D:6)
  11 small abominations (Lair:5)
  A two-headed ogre simulacrum (IceCv)
  5 wights (D:7)
  5 killer bees (D:9)
  4 electric eels
  3 vampire bats (D:14)
  A howler monkey (D:12)
  8 hounds
  A gnoll bouda (D:6)
  9 jellies
  9 orc priests
  A sleepcap (D:5)
  Terence (D:2)
  An iguana (D:14)
  Ijyb (D:3)
  8 orc wizards
  A polar bear simulacrum (IceCv)
  7 hell rats
  A troll simulacrum (IceCv)
  21 gnolls
  6 adders
  4 river rats (D:8)
  A shadow imp (D:5)
  A bombardier beetle (D:6)
  12 white imps (D:13)
  2 ufetubi (D:4)
  9 worms
  12 dart slugs
  46 orcs
  10 endoplasms
  3 giant cockroaches
  13 goblins
  12 hobgoblins
  6 jackals (D:14)
  4 quokkas
  14 ball pythons
  7 bats
  11 frilled lizards
  32 kobolds
  12 rats
1046 creatures vanquished.

Vanquished Creatures (collateral kills)
  An orc warrior (D:10)
  An orc wizard (D:10)
  An orc (D:10)
  4 kobolds (D:10)
7 creatures vanquished.

Vanquished Creatures (others)
  A human (D:14)
  2 foxfires (Swamp:2)
3 creatures vanquished.

Grand Total: 1056 creatures vanquished

Notes
Turn   | Place    | Note
-------+----------+-------------------------------------------
     0 | D:1      | Pooter the Minotaur Berserker began the quest for the Orb.
     0 | D:1      | Reached XP level 1. HP: 19/19 MP: 0/0
   242 | D:1      | Reached XP level 2. HP: 27/27 MP: 1/1
   546 | D:2      | Reached XP level 3. HP: 33/33 MP: 2/2
   597 | D:2      | Reached skill level 1 in Stealth
   598 | D:2      | Noticed Terence
   608 | D:2      | Killed Terence
   609 | D:2      | Reached skill level 5 in Axes
   609 | D:2      | Reached XP level 4. HP: 41/41 MP: 3/3
   803 | D:2      | Identified the +3 leather armour of the Lair of Beasts
                  | {Str+4 Dex+4 Stlth-}
  1158 | D:2      | Reached ** piety under Trog
  1618 | D:3      | Noticed Ijyb
  1625 | D:3      | Killed Ijyb
  1626 | D:3      | Reached skill level 1 in Ranged Weapons
  1683 | D:3      | Reached XP level 5. HP: 47/47 MP: 4/4
  1689 | D:3      | Found an opulent altar of Gozag.
  2157 | D:4      | Noticed Grinder
  2172 | D:4      | Killed Grinder
  2173 | D:4      | Reached skill level 5 in Fighting
  2173 | D:4      | Reached XP level 6. HP: 51/56 MP: 5/5
  2280 | D:4      | Found a glowing drain.
  2296 | Sewer    | Entered a sewer
  2893 | D:4      | Reached XP level 7. HP: 46/61 MP: 6/6
  3697 | D:5      | Entered Level 5 of the Dungeon
  4518 | D:5      | Found a sparkling altar of Nemelex Xobeh.
  4621 | D:6      | Reached XP level 8. HP: 46/70 MP: 7/7
  5207 | D:6      | Found a staircase to the Ecumenical Temple.
  5597 | D:6      | Found Juaroeba's Magic Scroll Shoppe.
  5601 | D:6      | Bought a scroll of identify for 24 gold pieces
  5601 | D:6      | Bought a scroll of identify for 24 gold pieces
  5601 | D:6      | Bought a scroll of identify for 24 gold pieces
  5601 | D:6      | Bought a scroll of teleportation for 36 gold pieces
  5601 | D:6      | Bought a scroll of teleportation for 36 gold pieces
  5601 | D:6      | Bought 3 scrolls of identify for 72 gold pieces
  5601 | D:6      | Bought a scroll of fog for 48 gold pieces
  5601 | D:6      | Bought a scroll of identify for 24 gold pieces
  5719 | D:7      | Reached skill level 1 in Polearms
  5725 | D:7      | Identified the +10 plate armour of the Monk {rPois rF-
                  | Int+8 SInv}
  5751 | D:7      | Noticed a troll
  5759 | D:7      | Reached skill level 5 in Ranged Weapons
  5800 | D:7      | Found a broken altar of Ashenzari.
  5800 | D:7      | Found a burning altar of Makhleb.
  5827 | D:7      | Reached *** piety under Trog
  5852 | D:7      | Found a flagged portal.
  5881 | Bailey   | Entered a bailey
  5994 | Bailey   | Identified the +0 plate armour "Xuvorref" {rC+ Regen+
                  | Dex+3}
  6441 | Bailey   | Noticed an orc knight
  6455 | Bailey   | Killed an orc knight
  6456 | Bailey   | Reached XP level 9. HP: 79/79 MP: 8/8
  6525 | Bailey   | Reached skill level 10 in Axes
  6904 | D:7      | Found a shimmering altar of Xom.
  6904 | D:7      | Found a shimmering altar of Xom.
  6905 | D:7      | Found a shimmering altar of Xom.
  6905 | D:7      | Found a shimmering altar of Xom.
  6906 | D:7      | Found a shimmering altar of Xom.
  6906 | D:7      | Found a shimmering altar of Xom.
  6907 | D:7      | Found a shimmering altar of Xom.
  7875 | D:7      | Killed a troll
  8292 | D:7      | Found a shimmering blue altar of Sif Muna.
  8736 | D:8      | Found Kuilen's Weapon Shoppe.
  8784 | D:8      | Found a radiant altar of Vehumet.
  8822 | D:8      | Noticed a death yak
  8847 | D:8      | Killed a death yak
  8848 | D:8      | Reached XP level 10. HP: 90/90 MP: 9/9
  8943 | D:8      | Bought a +3 war axe of flaming for 349 gold pieces
  9575 | D:8      | Noticed a death yak
  9576 | D:8      | Noticed a death yak
  9584 | D:8      | Killed a death yak
  9587 | D:8      | Killed a death yak
  9641 | D:8      | Found a staircase to the Lair.
 10229 | D:8      | Reached **** piety under Trog
 10837 | D:9      | Noticed a two-headed ogre
 11152 | D:9      | Killed a two-headed ogre
 11550 | D:9      | Reached skill level 10 in Ranged Weapons
 11868 | D:9      | Found a hide-covered altar of Uskayaw.
 12005 | D:10     | Entered Level 10 of the Dungeon
 12011 | D:10     | Found an ancient bone altar of Kikubaaqudgha.
 12121 | D:10     | Reached XP level 11. HP: 99/99 MP: 10/10
 12195 | D:10     | Reached skill level 10 in Fighting
 12656 | Lair:1   | Entered Level 1 of the Lair of Beasts
 13011 | Lair:1   | Found a runed translucent door.
 13014 | Lair:1   | Noticed Hefiv's ghost (novice GnCK)
 13016 | Lair:1   | Identified the +0 trident of Ynwiew {venom, rElec Int+2}
 13445 | Lair:1   | Noticed Joseph
 13463 | Lair:1   | Killed Joseph
 13464 | Lair:1   | Reached skill level 5 in Armour
 14195 | Lair:1   | Killed Hefiv's ghost
 14343 | Lair:2   | Reached XP level 12. HP: 106/106 MP: 11/11
 15241 | Lair:2   | Found a staircase to the Snake Pit.
 15792 | Lair:3   | Noticed an alligator
 15794 | Lair:3   | Reached skill level 15 in Ranged Weapons
 15807 | Lair:3   | Killed an alligator
 16392 | Lair:3   | Noticed a four-headed hydra
 16398 | Lair:3   | Killed a two-headed hydra
 16399 | Lair:3   | Reached XP level 13. HP: 112/113 MP: 12/12
 16593 | Lair:3   | Reached skill level 10 in Armour
 16848 | Lair:3   | Found a staircase to the Swamp.
 18817 | Lair:4   | Found a staircase to the Slime Pits.
 19100 | Lair:4   | Found a sparkling altar of Nemelex Xobeh.
 19494 | Lair:5   | Entered Level 5 of the Lair of Beasts
 20762 | Lair:5   | Found a runed translucent door.
 20763 | Lair:5   | Noticed Haredoag's ghost (journeyman MiFi)
 22205 | Lair:5   | Noticed an azure jelly
 22220 | Lair:5   | Killed an azure jelly
 22592 | Lair:5   | Reached XP level 14. HP: 121/121 MP: 13/13
 23911 | Lair:5   | Found a corrupted altar of Lugonu.
 23911 | Lair:5   | Found a one-way gate to the infinite horrors of the Abyss.
 24711 | D:11     | Noticed Nergalle
 24726 | D:11     | Killed Nergalle
 24727 | D:11     | Reached skill level 1 in Evocations
 25044 | D:11     | Found a staircase to the Orcish Mines.
 25691 | Orc:1    | Entered Level 1 of the Orcish Mines
 26345 | Orc:2    | Entered Level 2 of the Orcish Mines
 26490 | Orc:2    | Found a staircase to the Elven Halls.
 26611 | Orc:1    | Noticed Erica
 26621 | Orc:1    | Killed Erica
 26794 | Orc:1    | Noticed Maurice
 26796 | Orc:1    | Maurice changed into Maurice the water moccasin
 26796 | Orc:1    | Noticed Maurice
 26801 | Orc:1    | Killed Maurice the water moccasin
 27258 | Orc:1    | Paralysed by an ogre mage for 2 turns
 27544 | Orc:1    | Reached skill level 15 in Axes
 27544 | Orc:1    | Reached XP level 15. HP: 109/126 MP: 14/14
 28239 | Orc:2    | Reached ***** piety under Trog
 31051 | Orc:2    | Found Wanekk's Jewellery Shoppe.
 31051 | Orc:2    | Found Wauclul's Weapon Shop.
 31353 | Orc:2    | Found Xokighaa's Antique Armour Boutique.
 31353 | Orc:2    | Found Aklauteh's Assorted Antiques.
 31362 | Orc:2    | Bought a scroll labelled OSOHIY NOPSEURR for 27 gold pieces
 31404 | Orc:2    | Bought a runed hat for 210 gold pieces
 31550 | Orc:2    | Bought an amulet of reflection for 420 gold pieces
 31550 | Orc:2    | Bought a ring of protection from cold for 350 gold pieces
 33403 | D:13     | Reached skill level 15 in Armour
 33534 | D:13     | Found a frozen archway.
 33581 | IceCv    | Entered an ice cave
 33864 | IceCv    | Reached skill level 5 in Evocations
 34751 | IceCv    | Identified the +0 pair of gloves "Hemp" {rF+ rC+ Str-5
                  | Stlth+}
 35394 | D:13     | Noticed Azrael
 35405 | D:13     | Killed Azrael
 36452 | D:14     | Received a gift from Trog
 36663 | D:14     | HP: 6/126 [burnt (13)]
 37072 | D:14     | Reached XP level 16. HP: 134/134 MP: 15/15
 38579 | D:14     | Found a gate to the Vaults.
 38715 | D:14     | Identified the +1 sling of Plunder {heavy, Will+}
 38727 | D:15     | Entered Level 15 of the Dungeon
 39291 | D:15     | Reached skill level 1 in Throwing
 39854 | D:15     | Found a staircase to the Depths.
 41764 | D:15     | Upgraded the game from 0.31-a0-1338-gb567cfdca4 to
                  | 0.31-a0-1370-gf52a5a9ab3
 41881 | Elf:1    | Entered Level 1 of the Elven Halls
 42024 | Snake:1  | Entered Level 1 of the Snake Pit
 44632 | Snake:1  | Found a snail-covered altar of Cheibriados.
 45229 | Snake:1  | Reached skill level 5 in Dodging
 45581 | Snake:1  | Reached XP level 17. HP: 132/140 MP: 16/16
 47433 | Snake:2  | Reached skill level 5 in Throwing
 47456 | Snake:2  | Found Pegoischa's Weapon Shoppe.
 47456 | Snake:2  | Found Nichucza's Magic Scroll Boutique.
 47463 | Snake:2  | Found Ywnis's Jewellery Shoppe.
 47470 | Snake:2  | Bought a scroll of summoning for 180 gold pieces
 47470 | Snake:2  | Bought a scroll of silence for 180 gold pieces
 47470 | Snake:2  | Bought a scroll of revelation for 142 gold pieces
 47475 | Snake:2  | Found Lidibeq's General Store.
 47484 | Snake:2  | Bought a potion of heal wounds for 70 gold pieces
 47484 | Snake:2  | Bought a wand of polymorph (4) for 78 gold pieces
 48601 | Snake:2  | You are sucked into a shaft and drop 1 floor!
 48624 | Snake:3  | Noticed Nikola
 48865 | Snake:3  | Killed Nikola
 50244 | Snake:4  | Entered Level 4 of the Snake Pit
 54144 | Snake:4  | Reached XP level 18. HP: 148/148 MP: 17/17
 54836 | Snake:4  | Identified the +3 war axe "Ashrit" {flame, rC+} (Trog
                  | gifted it to you on level 4 of the Snake Pit)
 54836 | Snake:4  | Received a gift from Trog
 55126 | Snake:4  | Identified the +0 leather armour of Jayp {Dex+3}
 55184 | Snake:4  | Found a stormy altar of Qazlal.
 56232 | Snake:4  | Got a serpentine rune of Zot
 56466 | Lair:5   | Killed Haredoag's ghost
 56583 | Swamp:1  | Entered Level 1 of the Swamp
 61469 | Swamp:2  | HP: 10/222 [water nymph/the raging water (18)]
 61469 | Swamp:2  | Killed from afar by a water nymph

Illustrated notes

Levels and vault maps discovered:
D:1:      dpeg_arrival_boxorama, layout_rooms
D:2:      layout_basic, minmay_indecisive_spiral, uniq_terence
D:3:      layout_basic, mainiacjoe_overflow_six_doors_small, uniq_ijyb
D:4:      layout_gridville, cheibrodos_sewer_entry_drain, uniq_grinder
D:5:      layout_loops_ring, nemelex_diamond_rough_becter
D:6:      layout_rooms, temple_green, serial_shops,
          nicolae_shop_pleasant_corner_grove
D:7:      kennysheep_slugbush, layout_loops_ring, xom_redecorated,
          gammafunk_temple_overflow_claw, lightli_bailey_entry_fortress
D:8:      layout_basic, vehumet_altar_wand_db, dpeg_lair_monsters, serial_shops,
          shop, hangedman_decor_opposing
D:9:      layout_stronghold, marbit_many_paths, nicolae_straight_to_the_point
D:10:     cheibrodos_helix_gallery, layout_cave_pools, kiku_gazebo_pond_becter
D:11:     wad_crossroads, layout_gridville, david_orc_3, uniq_nergalle
D:12:     layout_gridville, drop_trap
D:13:     layout_irregular_city, portal_ice_cave_entry_imps, uniq_azrael
D:14:     layout_rooms, grunt_vaults_entry_fortified, kennysheep_minor_cross,
          hangedman_parallel_progression
D:15:     hangedman_depths_entry_try_elsewhere_first, layout_cave_pools,
          serial_park_square2
Lair:1:   beast_lair_carwin_large_2, layout_cellular_growth,
          ebering_ghost_funeral_grove, minmay_holes, serial_bayou_shore_a,
          uniq_joseph
Lair:2:   layout_hall_layers, guppyfry_snake_entry_island, grunt_megastairs_4
Lair:3:   layout_layer_cave, mainiacjoe_swamp_entry_lozenge_pond
Lair:4:   layout_layer_cave, minmay_slime_entry_oklob_open, basic_altar
Lair:5:   hellmonk_lair_end_abyssal_woods, layout_loops_ring,
          ebering_ghost_inner_flame, minivault_19, nicolae_lair_time_for_slime
Swamp:1:  layout_basic_swamp, serial_swamp_ruin, evilmike_swamp_ruin_house_4,
          evilmike_swamp_ruin_house_3, evilmike_swamp_ruin_rubble_2,
          swamp_pool_4, uniq_josephine
Swamp:2:  layout_basic_swamp, evilmike_swamp_ruin_wall,
          nicolae_swamp_nymph_family_reunion, nicolae_swamp_decorative_isthmus
Swamp:3:  nzn_winding_woodlands_small [nzn_winding_woodlands_5x15_zeroes,
          nzn_winding_woodlands_center_pierced_h,
          nzn_winding_woodlands_5x15_twine], layout_basic_swamp,
          hangedman_swamp_ruin_wall, beargit_kiku_chapel
Snake:1:  layout_misc_corridors, basic_altar,
          nicolae_snake_herptile_family_reunion
Snake:2:  layout_chambers, nicolae_snake_double_loop,
          nicolae_snake_serpentine_bazaar
Snake:3:  layout_gridlike, uniq_nikola
Snake:4:  johnstein_snake_rune_scales, layout_gridlike, basic_altar,
          serial_bayou_shore_b
Orc:1:    layout_diamond_mine, basic_altar, uniq_maurice, uniq_erica
Orc:2:    st_orc_ogre_mass, layout_caves, special_room
Elf:1:    eino_elf_arrival_customs, layout_loops_ring, gammafunk_ghost_cemetery,
          kennysheep_underground_church, statue_in_the_mist_lemuel, drop_trap,
          solitary_fountain, nicolae_zig_zag_zippers, lemuel_upstairs_altar,
          uniq_zenata

Skill      XL: |  1  2  3  4  5  6  7  8  9 10 11 12 13 14 15 16 17 18 |
---------------+-------------------------------------------------------+-----
Axes           | 4 5 6 8 9 11 13 15 17 18 19 | 19.7
Fighting       | 4 5 6 7 8 9 10 | 10.2
Stealth        | 1 2 3 4 |  4.1
Ranged Weapons | 1 2 3 6 8 10 13 15 18 19 | 19.6
Polearms       | 2 |  2.6
Armour         | 6 9 12 14 15 17 19 | 19.7
Evocations     | 3 6 7 9 |  9.4
Throwing       | 4 6 7 |  7.3
Dodging        | 5 7 8 |  8.2

Action                     |  1- 3 |  4- 6 |  7- 9 | 10-12 | 13-15 | 16-18 || total
---------------------------+-------+-------+-------+-------+-------+-------++-------
  Melee: Hand axe          |    58 |     3 |       |       |       |       ||    61
         Headbutt          |     6 |     9 |    16 |    70 |   177 |   164 ||   442
         Glaive            |       |    77 |    90 |       |       |       ||   167
         Battleaxe         |       |       |    50 |   269 |   719 |   716 ||  1754
         War axe           |       |       |       |     2 |    47 |       ||    49
   Fire: Sling             |       |    78 |    33 |       |       |       ||   111
         Orcbow            |       |       |    30 |       |       |       ||    30
         Arbalest          |       |       |    44 |   150 |   344 |   409 ||   947
  Throw: Dart              |       |       |     1 |     7 |    10 |       ||    18
         Boomerang         |       |       |       |     2 |     3 |     6 ||    11
 Invoke: Berserk           |     2 |     1 |     4 |     6 |    18 |    26 ||    57
         Trog's Hand       |       |     2 |     3 |    15 |    28 |    19 ||    67
         Brothers in Arms  |       |       |       |       |     1 |       ||     1
  Evoke: Wand              |       |     3 |     5 |     3 |    11 |    11 ||    33
         Tin of tremorston |       |       |       |       |     4 |     2 ||     6
    Use: Scroll            |     2 |       |    19 |     6 |    16 |     7 ||    50
         Potion            |       |       |       |     1 |     7 |     5 ||    13
   Stab: Invisible         |       |     1 |       |     1 |       |     1 ||     3
         Confused          |       |       |       |     1 |       |       ||     1
 Armour: Chain mail        |    40 |    66 |    80 |       |       |       ||   186
         Animal skin       |     5 |       |       |       |       |       ||     5
         Scale mail        |     4 |       |       |       |       |       ||     4
         Plate armour      |       |       |    79 |   433 |   940 |   778 ||  2230
         Crystal plate arm |       |       |       |       |     5 |       ||     5
         Storm dragon scal |       |       |       |       |       |     8 ||     8
  Dodge: Dodged            |    20 |    59 |    86 |   168 |   457 |   533 ||  1323
  Block: Other             |       |       |       |       |    52 |   175 ||   227
         Reflection        |       |       |       |       |     3 |    25 ||    28

Table legend: (Time is in decaauts)
 A = Elapsed time spent in this place.
 B = Non-inter-level travel time spent in this place.
 C = Inter-level travel time spent in this place.
 D = Time resting spent in this place.
 E = Time spent auto-exploring this place.
 F = Levels seen in this place.
 G = Mean time per level.
                   A        B        C        D        E       F      G
               +--------+--------+--------+--------+--------+-----+--------+
         Total |  62795 |  61294 |   1501 |  35179 |  17711 |  33 | 1902.9 |
       Dungeon |  22222 |  21599 |    623 |   9728 |   8795 |  15 | 1481.5 |
          Lair |  12502 |  11990 |    512 |   5497 |   4870 |   5 | 2500.4 |
         Swamp |   4592 |   4592 |      0 |   4114 |     11 |   3 | 1530.7 |
     Snake Pit |  14507 |  14279 |    228 |   9557 |   2873 |   4 | 3626.8 |
  Orcish Mines |   6153 |   6018 |    135 |   4621 |    795 |   2 | 3076.5 |
   Elven Halls |     13 |     13 |      0 |      0 |      0 |   1 |   13.0 |
         Sewer |    499 |    499 |      0 |    112 |    241 |   1 |  499.0 |
        Bailey |   1062 |   1062 |      0 |    691 |     78 |   1 | 1062.0 |
      Ice Cave |   1240 |   1240 |      0 |    855 |     48 |   1 | 1240.0 |
               +--------+--------+--------+--------+--------+-----+--------+

Top non-repeatable levels by time:
   Orc:2: 4687 daAuts
  Lair:5: 4312 daAuts
 Snake:4: 4100 daAuts
 Snake:2: 3949 daAuts
    D:14: 3847 daAuts
 Snake:1: 3332 daAuts
 Snake:3: 3125 daAuts
    D:15: 2567 daAuts
  Lair:4: 2457 daAuts
 Swamp:2: 2427 daAuts
  Lair:3: 2262 daAuts
     D:7: 2074 daAuts
     D:8: 1824 daAuts
  Lair:1: 1761 daAuts
  Lair:2: 1708 daAuts
